 Dungeon Sprint DCSS version 0.19-a0-1195-ge0bab27 (webtiles) character file.

676 Deeps the Protected (level 7, -6/74 HPs)
             Began as a Deep Dwarf Fighter on Aug 19, 2016.
             Was the Champion of Makhleb.
             Mangled by a hornet (10 damage)
             ... while paralysed by a hornet
             ... in the Dungeon (Sprint VII: "The Pits").
             The game lasted 00:03:10 (446 turns).

Deeps the Protected (Deep Dwarf Fighter)             Turns: 446, Time: 00:03:11

Health: -6/74      AC: 14    Str: 21    XL:     7   Next: 33%
Magic:  7/7        EV:  2    Int:  9    God:    Makhleb [******]
Gold:   0          SH:  0    Dex: 12    Spells: 0 memorised, 6 levels left

rFire  . . .     SeeInvis .     a - +0 war axe
rCold  . . .     Gourm    .     d - +3 chain mail
rNeg   . . .     Faith    .     c - +0 shield
rPois  .         Spirit   .     (no helmet)
rElec  .         Dismiss  .     (no cloak)
rCorr  .         Reflect  .     (no gloves)
MR     +....     Harm     .     (no boots)
Stlth  .......... NoTele   +    (no amulet)
                                (no ring)
                                (no ring)

@: paralysed, lethally poisoned (-6 -> -25), flying (expiring), very slightly
contaminated, non-regenerating, hasted
A: damage resistance, recharge devices, sense surroundings 1, slow regeneration
3
a: Device Recharging, Minor Destruction, Lesser Servant of Makhleb, Major
Destruction, Greater Servant of Makhleb, Renounce Religion


You were in the Dungeon.
You worshipped Makhleb.
Makhleb was exalted by your worship.
You were not hungry.

You visited 1 branch

Inventory:

Hand Weapons
 a - a +0 war axe (weapon)
 h - a +2 long sword of flaming
Armour
 c - a +0 shield (worn)
 d - a +3 chain mail (worn)
Wands
 e - a wand of heal wounds (5/9)
Scrolls
 l - a scroll of blinking
 n - 3 scrolls of remove curse
 o - 5 scrolls of amnesia
 p - a scroll of summoning
Potions
 g - 5 potions of curing
 j - 4 potions of magic
 k - 3 potions of berserk rage
 m - 2 potions of invisibility
 s - 5 potions of heal wounds
Comestibles
 f - 8 bread rations
 q - 40 fruits
 r - 7 meat rations


   Skills:
 + Level 8.0 Fighting
 + Level 9.0 Axes
 + Level 9.4 Armour
 + Level 9.4 Shields


You had 6 spell levels left.
You didn't know any spells.

Dungeon Overview and Level Annotations

Branches:
Dungeon (1/1)

Altars:
Ashenzari
Cheibriados
Dithmenos
Elyvilon
Fedhas
Gozag
Hepliaklqana
Kikubaaqudgha
Makhleb
Nemelex Xobeh
Okawaru
Qazlal
Ru
Sif Muna
Trog
Uskayaw
Vehumet
Xom
Yredelemnul
Zin
The Shining One
Beogh
Jiyva
Lugonu


Innate Abilities, Weirdness & Mutations

You are resistant to damage.
You can recharge devices by infusing magical energy.
You passively map a small area around you.
You do not regenerate.


Message History

The hornet stings you but does no damage.
You slash the hornet!
The hornet is severely wounded.
You feel sick.
The hornet stings you but does no damage.
You slash the hornet!
The hornet is almost dead.
You feel sick. The hornet stings you.
* * * LOW HITPOINT WARNING * * *
You are more poisoned.
You suddenly lose the ability to move!
The hornet completely misses you.
* * * LOW HITPOINT WARNING * * *
You feel very sick.
The hornet stings you but does no damage.
A gnoll shaman comes into view. It is wielding a club.
* * * LOW HITPOINT WARNING * * *
You feel very sick.
The gnoll shaman shouts!
The hornet stings you!
You die...

#(##†####'###.......#*+
#.#...)....##.......# ,
#.#........##.......# ,
#)#####'#####...<...#
#[#...))...##.......#
#(#...)))[.##.......# ,
#)###########.......#*
#)......#..##########
#.......#@## * *
#...#...#y# #..###..#g#
#...#...#gg.y..+ ,
#.......#'#....# *
#.......'.#....#, *
########### ####


You could see a hornet, a gnoll shaman and 2 gnolls.

Vanquished Creatures
  A giant eyeball (D)
  An orc warrior (D)
  2 gnoll sergeants (D)
  A scorpion (D)
  A crimson imp (D)
  A gnoll shaman (D)
  An iron imp (D)
  Ijyb (D)
  2 worker ants (D)
  13 gnolls (D)
  An adder (D)
  An adder skeleton (D)
  2 orcs (D)
  A bat (D)
  A bat skeleton (D)
  2 giant cockroaches (D)
  A goblin (D)
  A quokka (D)
  A ball python (D)
  A giant newt (D)
  A quokka skeleton (D)
37 creatures vanquished.

Notes
Turn   | Place    | Note
-------+----------+-------------------------------------------
     0 | D        | Deeps the Deep Dwarf Fighter began the quest for the Orb.
     0 | D        | Reached XP level 1. HP: 20/20 MP: 1/1
    57 | D        | Found a radiant altar of Vehumet.
    57 | D        | Found a hide-covered altar of Uskayaw.
    57 | D        | Found an ancient bone altar of Kikubaaqudgha.
    57 | D        | Found a viscous altar of Jiyva.
    57 | D        | Found a hazy altar of Hepliaklqana.
    58 | D        | Found a bloodstained altar of Trog.
    58 | D        | Found a deep blue altar of Sif Muna.
    58 | D        | Found a sacrificial altar of Ru.
    58 | D        | Found a stormy altar of Qazlal.
    58 | D        | Found an iron altar of Okawaru.
    58 | D        | Found a sparkling altar of Nemelex Xobeh.
    58 | D        | Found an opulent altar of Gozag.
    58 | D        | Found a blossoming altar of Fedhas.
    58 | D        | Found a white marble altar of Elyvilon.
    58 | D        | Found a shadowy altar of Dithmenos.
    58 | D        | Found a snail-covered altar of Cheibriados.
    59 | D        | Found a glowing golden altar of the Shining One.
    59 | D        | Found a glowing silver altar of Zin.
    61 | D        | Found a roughly hewn altar of Beogh.
    61 | D        | Found a burning altar of Makhleb.
    61 | D        | Found a basalt altar of Yredelemnul.
    62 | D        | Found a shattered altar of Ashenzari.
    62 | D        | Found a corrupted altar of Lugonu.
    62 | D        | Found a shimmering altar of Xom.
    69 | D        | Became a worshipper of Makhleb the Destroyer
   100 | D        | Reached * piety under Makhleb
   100 | D        | Reached XP level 2. HP: 28/28 MP: 2/2
   114 | D        | Noticed a gnoll sergeant
   122 | D        | Reached ** piety under Makhleb
   131 | D        | Killed a gnoll sergeant
   131 | D        | Reached skill level 5 in Axes
   131 | D        | Reached skill level 5 in Armour
   131 | D        | Reached skill level 5 in Shields
   131 | D        | Reached XP level 3. HP: 29/37 MP: 3/3
   131 | D        | Reached XP level 4. HP: 36/45 MP: 4/4
   138 | D        | Reached *** piety under Makhleb
   140 | D        | Reached skill level 5 in Fighting
   150 | D        | Reached **** piety under Makhleb
   210 | D        | Noticed an orc warrior
   221 | D        | Reached XP level 5. HP: 50/52 MP: 5/5
   244 | D        | Killed an orc warrior
   244 | D        | Reached XP level 6. HP: 45/63 MP: 6/6
   257 | D        | Reached ***** piety under Makhleb
   366 | D        | Reached ****** piety under Makhleb
   366 | D        | Reached XP level 7. HP: 70/72 MP: 7/7
   369 | D        | Noticed Ijyb
   373 | D        | Paralysed by a giant eyeball for 4 turns
   381 | D        | Paralysed by a giant eyeball for 4 turns
   398 | D        | Killed Ijyb
   411 | D        | Noticed a hornet
   411 | D        | Noticed a guardian mummy
   444 | D        | Paralysed by a hornet for 3 turns
   446 | D        | Mangled by a hornet

Vault maps used:
D:        pitsprint

Skill      XL: |  1  2  3  4  5  6  7 |
---------------+----------------------+-----
Fighting       | 3 4 5 6 7 8 |  8.0
Axes           | 3 5 7 8 9 |  9.0
Armour         | 4 5 6 7 8 9 |  9.4
Shields        | 4 5 6 7 8 9 |  9.4

Action                   |  1- 3 |  4- 6 |  7- 9 || total
-------------------------+-------+-------+-------++-------
Melee: War axe           |    36 |   114 |    52 ||   202
  Use: Potion            |     2 |       |     3 ||     5
Armor: Scale mail        |    16 |     2 |       ||    18
       Chain mail        |       |    34 |    17 ||    51
Dodge: Dodged            |    14 |    21 |    10 ||    45
Block: Shield            |    26 |    73 |    22 ||   121
